 Dungeon Crawl Stone Soup version 0.27-a0-1049-g450f9b2e0d (webtiles) character file.

Game seed: 1355789386543754512

30928 HoaS the Bludgeoner (level 13, -2/72 HPs)
             Began as a Gargoyle Fighter on Apr 20, 2021.
             Was an Elder of Makhleb.
             Engulfed by a fire crab's flame (5 damage)
             ... in a Gauntlet.
             The game lasted 00:32:51 (11507 turns).

HoaS the Bludgeoner (Gargoyle Fighter)             Turns: 11507, Time: 00:32:51

Health: -2/72      AC: 30    Str: 23    XL:     13   Next: 54%
Magic:  13/13      EV: 13    Int:  9    God:    Makhleb [****..]
Gold:   701        SH: 14    Dex: 11    Spells: 12/12 levels left

rFire    . . .     SeeInvis .   s - +5 morningstar
rCold    . . .     Faith    .   c - +0 kite shield
rNeg     + . .     Spirit   .   A - +0 shadow dragon scales
rPois    ∞         Reflect  .   (no helmet)
rElec    +         Harm     .   o - +2 cloak {rCorr}
rCorr    +         Rampage  .   (no gloves)
Will     .....     NoTele   +   z - +0 pair of boots
Stlth    ++........             f - amulet of regeneration
HPRegen  1.22/turn              i - +4 ring of protection
MPRegen  0.13/turn              n - +4 ring of evasion

@: no status effects
A: AC +9, negative energy resistance 1, electricity resistance, torment
resistance 1, unbreathing 1, petrification resistance
a: Renounce Religion, Minor Destruction, Lesser Servant of Makhleb, Major
Destruction


You were in a Gauntlet.
You worshipped Makhleb.
Makhleb was greatly pleased with you.
You visited 3 branches of the dungeon, and saw 14 of its levels.
You also visited: Bailey and Gauntlet.

You collected 701 gold pieces.

Inventory:

Hand Weapons
 k - a +2 morningstar of draining
 s - a +5 morningstar (weapon)
Armour
 c - a +0 kite shield (worn)
 o - a +2 cloak of preservation (worn)
 z - a +0 pair of boots (worn)
 A - +0 shadow dragon scales (worn)
Jewellery
 f - an amulet of regeneration (around neck)
 i - a +4 ring of protection (left hand)
 j - a ring of protection from cold
 n - a +4 ring of evasion (right hand)
 y - a ring of protection from cold
Wands
 a - a wand of digging (5)
 d - a wand of paralysis (6)
 e - a wand of polymorph (14)
 v - a wand of charming (8)
 x - a wand of iceblast (13)
Scrolls
 g - 2 scrolls of holy word
 h - a scroll of brand weapon
 m - 4 scrolls of teleportation
 r - 6 scrolls of identify
 u - a scroll of enchant weapon
Potions
 b - a potion of flight
 l - 4 potions of curing
 p - 3 potions of mutation
 q - 3 potions of lignification
 t - a potion of ambrosia
 w - a potion of resistance
 C - a potion of berserk rage


   Skills:
 + Level 4.6 Fighting
 - Level 16.0 Maces & Flails
 + Level 4.5 Armour
 + Level 4.1 Dodging
 - Level 15.0 Shields


You had 12 spell levels left.
You didn't know any spells.
Your spell library contained the following spells:

 Spells                   Type           Power      Damage    Failure   Level
 Animate Skeleton         Necr           0%         N/A       97%         1
 Apportation              Tloc           0%         N/A       97%         1
 Corona                   Hex            0%         N/A       97%         1
 Summon Small Mammal      Summ           0%         N/A       97%         1
 Ensorcelled Hibernation  Hex/Ice        0%         N/A       99%         2
 Passwall                 Tmut/Erth      0%         N/A       99%         2
 Confusing Touch          Hex            0%         N/A       100%        3
 Dazzling Flash           Conj/Hex       0%         N/A       100%        3
 Swiftness                Air            0%         N/A       100%        3
 Tukima's Dance           Hex            0%         N/A       100%        3
 Passage of Golubria      Tloc           N/A        N/A       100%        4
 Lee's Rapid Deconstruct  Erth           0%         3d5*      100%        5
 Invisibility             Hex            0%         N/A       100%        6


Dungeon Overview and Level Annotations

Branches:
Dungeon (12/15)            Temple (1/1) D:5            Lair (1/6) D:11
    Orc (0/2) D:9          Bailey (visited)         Gauntlet (1/1)

Altars:
Ashenzari
Cheibriados
Dithmenos
Elyvilon
Fedhas
Gozag
Hepliaklqana
Kikubaaqudgha
Makhleb
Nemelex Xobeh
Okawaru
Qazlal
Ru
Sif Muna
Trog
Uskayaw
Vehumet
Wu Jian
Xom
Yredelemnul
Zin
The Shining One

Shops:
D:7 [

Annotations:
Gauntlet 7 transporters


Innate Abilities, Weirdness & Mutations

Your stone body is resilient. (AC +9)
You are immune to poison.
You resist negative energy. (rN+)
You are resistant to electric shocks. (rElec)
You are resistant to unholy torment.
You can survive without breathing.
You are immune to petrification.


Message History

The fire crab misses you. The fire crab claws you!
You are engulfed in flames!
* * * LOW HITPOINT WARNING * * *
You barely miss the hell hound.
The hell hound is moderately wounded.
You block the fire bat's attack. You block the hell hound's attack.
The fire crab breathes flames at you. The blast of flame misses you.
You sock the hell hound!
The hell hound is severely wounded.
You are engulfed in blazing flames.
The fire bat barely misses you. You block the hell hound's attack.
The fire crab breathes flames at you. The blast of flame misses you.
You hit the hell hound.
The hell hound is almost dead.
You are engulfed in blazing flames.
* * * LOW HITPOINT WARNING * * *
The fire bat bites you but does no damage.
You block the hell hound's attack.
You closely miss the hell hound.
The hell hound is almost dead.
You are engulfed in blazing flames.
* * * LOW HITPOINT WARNING * * *
The hell hound completely misses you. You block the fire crab's attack. x2
The fire bat barely misses you.
You completely miss the hell hound.
The hell hound is almost dead.
You are engulfed in blazing flames.
* * * LOW HITPOINT WARNING * * *
You block the fire bat's attack. The hell hound breathes flames at you.
The blast of flame hits you but does no damage.
You block the fire bat's attack.
The fire crab bites you but does no damage.
The fire crab claws you but does no damage.
You puncture the hell hound!
You kill the hell hound!
Makhleb accepts your kill.
You are engulfed in blazing flames.
You die...

#hh.hhyh#.⌠.#hREE...#.∩.#...#
#########...#########...#.©.###
........#.⌠.....#.....⌠.#......
#########...#########...#.©.#
#.......#.⌠.#.##.#.$#.∩.#...#
#..##..##...##.#..###...#.⌠.#
#.##..###.⌠.##.†##.##..##...#
###.©##©#©.©#.##t#.©#.## ⌠.#
##..##(.######.#@b###.≈## .#
#..##.[.#...##..##.##.≈≈#
#.......#.⌠.#.##.#[$#.≈##
#########...#########.##
......................≈#
#≈≈≈#≈≈≈#≈≈≈#≈≈≈#≈≈≈#≈≈≈#
##≈###≈###≈###≈###≈###≈## ###
### ### ### ### ##


You could see a fire crab and a fire bat.

Vanquished Creatures
  Josephine (D:11)
  The ghost of vurker the Thaumaturge, a journeyman DjFE (D:11)
  3 hydras
  The ghost of Nico3ck the Cleaver, a journeyman FoFi of Okawaru (D:11)
  5 two-headed ogres
  A death scarab (Gauntlet)
  A tengu warrior (D:9)
  Nergalle (D:11)
  Urug (D:11)
  The ghost of tilp the Wallflower, a journeyman VSBr of Uskayaw (D:11)
  Sonja (D:12)
  A fire crab (Gauntlet)
  Pikel (D:4)
  An orc knight (Bailey)
  A cyclops (D:9)
  A manticore (D:11)
  A black mamba (Lair:1)
  2 gargoyles
  3 unseen horrors
  2 kobold demonologists
  An efreet (D:9)
  3 trolls
  A hornet (D:10)
  Prince Ribbit (D:7)
  Grinder (D:3)
  2 vampires
  Sigmund (D:4)
  A shadow (D:11)
  7 wraiths
  14 yaks
  7 fire bats (Gauntlet)
  4 wyverns
  A yak (shapeshifter) (D:9)
  A spectral komodo dragon (Gauntlet)
  2 steam dragons
  5 vampire mosquitoes
  Grum (D:9)
  Menkaure (D:4)
  3 acid dragons
  3 hell hounds (Gauntlet)
  3 water moccasins
  10 orc warriors
  2 sky beasts
  2 ogres
  8 wolves
  8 centaurs
  A lemure (D:3)
  2 phantoms
  5 kobold brigands
  Blork the orc (D:6)
  A gnoll sergeant (D:10)
  5 bullfrogs
  2 wyvern skeletons (D:6)
  A water moccasin skeleton (D:6)
  5 killer bees (D:9)
  14 wights
  10 howler monkeys
  2 bullfrog zombies (D:5)
  5 centaur zombies
  2 jellies
  3 orc priests
  5 hounds
  A gnoll shaman (D:6)
  Crazy Yiuf (D:2)
  2 bullfrog skeletons
  Jessica (D:2)
  7 orc wizards
  2 iguanas (D:7)
  3 killer bee zombies
  2 howler monkey zombies (D:9)
  6 gnolls
  2 howler monkey skeletons (D:6)
  8 adders
  A shadow imp (D:7)
  An adder skeleton (D:4)
  A worm (D:4)
  2 dart slugs
  40 orcs
  5 ball pythons
  9 endoplasms
  12 hobgoblins
  10 jackals
  11 kobolds
  3 quokkas
  5 bats
  4 frilled lizards
  15 goblins
  5 rats
346 creatures vanquished.

Vanquished Creatures (others)
  A fungus (Gauntlet)
  3 plants (Gauntlet)
  4 withered plants (D:11)
8 creatures vanquished.

Grand Total: 354 creatures vanquished

Notes
Turn   | Place    | Note
-------+----------+-------------------------------------------
     0 | D:1      | HoaS the Gargoyle Fighter began the quest for the Orb.
     0 | D:1      | Reached XP level 1. HP: 14/14 MP: 1/1
   423 | D:1      | Reached XP level 2. HP: 19/19 MP: 2/2
  1061 | D:2      | Reached skill level 3 in Maces & Flails
  1141 | D:2      | Reached XP level 3. HP: 23/23 MP: 3/3
  1170 | D:2      | Found a runed translucent door.
  1171 | D:2      | Noticed Crazy Yiuf
  1291 | D:2      | Found a faded altar of an unknown god.
  1311 | D:2      | Noticed Jessica
  1315 | D:2      | Killed Jessica
  1316 | D:2      | Reached XP level 4. HP: 28/28 MP: 4/4
  1718 | D:2      | Killed Crazy Yiuf
  1719 | D:2      | Reached skill level 4 in Maces & Flails
  1806 | D:3      | Found an opulent altar of Gozag.
  1824 | D:3      | Reached XP level 5. HP: 32/32 MP: 5/5
  1825 | D:3      | Found a broken altar of Ashenzari.
  1825 | D:3      | Found a white marble altar of Elyvilon.
  1827 | D:3      | Found a broken altar of Ashenzari.
  1827 | D:3      | Found a shimmering altar of Xom.
  1827 | D:3      | Found a snail-covered altar of Cheibriados.
  1982 | D:3      | Reached skill level 5 in Maces & Flails
  2155 | D:3      | Reached XP level 6. HP: 37/37 MP: 6/6
  2321 | D:3      | Noticed Grinder
  2323 | D:3      | Paralysed by Grinder for 6 turns
  2347 | D:3      | Paralysed by Grinder for 2 turns
  2350 | D:3      | Killed Grinder
  2351 | D:3      | Reached skill level 6 in Maces & Flails
  2351 | D:3      | Reached skill level 5 in Shields
  2351 | D:3      | Reached XP level 7. HP: 35/41 MP: 7/7
  2647 | D:4      | Noticed Sigmund
  2940 | D:4      | Noticed Pikel
  2951 | D:4      | Killed Pikel
  2952 | D:4      | Reached skill level 7 in Maces & Flails
  2952 | D:4      | Reached XP level 8. HP: 46/46 MP: 8/8
  2972 | D:4      | Found a stormy altar of Qazlal.
  2972 | D:4      | Found a hazy altar of Hepliaklqana.
  2972 | D:4      | Found a snail-covered altar of Cheibriados.
  2972 | D:4      | Noticed Menkaure
  2978 | D:4      | Killed Menkaure
  2979 | D:4      | Reached skill level 8 in Maces & Flails
  3266 | D:4      | Killed Sigmund
  3490 | D:5      | Entered Level 5 of the Dungeon
  3490 | D:5      | Found a staircase to the Ecumenical Temple.
  3497 | Temple   | Entered the Ecumenical Temple
  3682 | Temple   | Became a worshipper of Makhleb the Destroyer
  3723 | D:5      | Reached skill level 9 in Maces & Flails
  3987 | D:5      | Reached XP level 9. HP: 51/51 MP: 9/9
  4358 | D:6      | Reached skill level 10 in Maces & Flails
  4704 | D:6      | Noticed Blork the orc
  4723 | D:6      | Killed Blork the orc
  4742 | D:6      | Identified the +0 robe of Tuxan {rPois Int+4 Dex+3 Stlth-}
  5080 | D:7      | Found Amofat's Armour Shop.
  5182 | D:7      | Noticed Prince Ribbit
  5219 | D:7      | Killed Prince Ribbit
  5219 | D:7      | Reached * piety under Makhleb
  5331 | D:7      | Reached skill level 11 in Maces & Flails
  5359 | D:7      | Reached XP level 10. HP: 56/56 MP: 10/10
  5683 | D:8      | Reached skill level 12 in Maces & Flails
  5735 | D:8      | Reached skill level 10 in Shields
  6016 | D:8      | Identified the +5 falchion of Ointment {freeze, MP+9}
  6302 | D:8      | Noticed a kobold demonologist
  6312 | D:8      | Killed a kobold demonologist
  6324 | D:8      | Reached ** piety under Makhleb
  6553 | D:9      | Found a white marble altar of Elyvilon.
  6628 | D:9      | Reached skill level 13 in Maces & Flails
  6637 | D:9      | Found a basalt altar of Yredelemnul.
  6638 | D:9      | Found a bloodstained altar of Trog.
  6638 | D:9      | Found a white marble altar of Elyvilon.
  6644 | D:9      | Reached XP level 11. HP: 56/60 MP: 11/11
  6771 | D:9      | Noticed a cyclops
  6786 | D:9      | Killed a cyclops
  6880 | D:9      | Noticed a tengu warrior
  6896 | D:9      | Killed a tengu warrior
  7120 | D:9      | Noticed Grum
  7129 | D:9      | Killed Grum
  7287 | D:9      | Found a staircase to the Orcish Mines.
  7298 | D:9      | Reached *** piety under Makhleb
  7304 | D:9      | Reached skill level 14 in Maces & Flails
  7585 | D:9      | You fall into a shaft and drop 3 floors!
  7735 | D:12     | Found a shimmering blue altar of Sif Muna.
  8043 | D:12     | Noticed Sonja
  8055 | D:12     | Killed Sonja
  8111 | D:12     | Noticed a seven-headed hydra
  8141 | D:12     | Killed a seven-headed hydra
  8232 | D:12     | Found a flagged portal.
  8242 | Bailey   | Entered a bailey
  8265 | Bailey   | Noticed an orc knight
  8286 | Bailey   | Killed an orc knight
  8287 | Bailey   | Reached XP level 12. HP: 42/64 MP: 12/12
  8544 | D:12     | Reached skill level 15 in Maces & Flails
  8852 | D:10     | Entered Level 10 of the Dungeon
  8867 | D:10     | Noticed a two-headed ogre
  8886 | D:10     | Killed a two-headed ogre
  8886 | D:10     | Reached **** piety under Makhleb
  9191 | D:10     | Found an iron altar of Okawaru.
  9670 | D:10     | Noticed a two-headed ogre
  9680 | D:10     | Killed a two-headed ogre
 10000 | D:11     | Noticed a two-headed ogre
 10001 | D:11     | Found a runed translucent gate.
 10002 | D:11     | Found a runed translucent gate.
 10003 | D:11     | Found a runed translucent gate.
 10008 | D:11     | Killed a two-headed ogre
 10009 | D:11     | Noticed Nico3ck's ghost (journeyman FoFi)
 10009 | D:11     | Noticed vurker's ghost (journeyman DjFE)
 10010 | D:11     | Noticed tilp's ghost (journeyman VSBr)
 10022 | D:11     | Noticed Urug
 10034 | D:11     | Killed Urug
 10300 | D:11     | Reached skill level 16 in Maces & Flails
 10335 | D:11     | Noticed Nergalle
 10335 | D:11     | Noticed a two-headed ogre
 10351 | D:11     | Killed a two-headed ogre
 10365 | D:11     | Killed Nergalle
 10466 | D:11     | Found a staircase to the Lair.
 10616 | D:11     | Noticed a two-headed ogre
 10625 | D:11     | Killed a two-headed ogre
 10683 | D:11     | Identified the +7 dagger of Gaiss {vorpal, rF++ rN+ Int-3}
 10714 | D:11     | Noticed Josephine
 10727 | D:11     | Reached XP level 13. HP: 68/68 MP: 13/13
 10751 | D:11     | Killed Josephine
 10879 | D:11     | Killed tilp's ghost
 10880 | D:11     | Reached skill level 15 in Shields
 10905 | D:11     | Killed Nico3ck's ghost
 10906 | D:11     | Reached skill level 1 in Dodging
 10914 | D:11     | Killed vurker's ghost
 10982 | Lair:1   | Entered Level 1 of the Lair of Beasts
 11148 | Lair:1   | Found a gate leading to a gauntlet.
 11168 | Gauntlet | Entered a Gauntlet
 11168 | Gauntlet | Found a transporter.
 11168 | Gauntlet | Found a transporter.
 11175 | Gauntlet | Found a runed translucent door.
 11178 | Gauntlet | Found a transporter.
 11180 | Gauntlet | Found a transporter.
 11188 | Gauntlet | Found a transporter.
 11192 | Gauntlet | Found a transporter.
 11201 | Gauntlet | Found a transporter.
 11217 | Gauntlet | Found a transporter.
 11231 | Gauntlet | Found a transporter.
 11235 | Gauntlet | Found a transporter.
 11243 | Gauntlet | Found a transporter.
 11247 | Gauntlet | Found a transporter.
 11505 | Gauntlet | HP: 3/72 [fire crab] (11)]
 11507 | Gauntlet | Engulfed by a fire crab's flame

Illustrated notes

Levels and vault maps discovered:
D:1:      lightli_molten_gateway, layout_loops_cross, hangedman_decor_opposing,
          minmay_misc_feat_alley
D:2:      layout_rooms, chequers_ecumenical_altar_simple,
          minmay_strange_pillars, kennysheep_jessica_study,
          uniq_crazy_yiuf_cottage
D:3:      layout_loops_ring, doesnt_xom_only_xom, uniq_grinder
D:4:      minmay_skewed_foursquare, layout_gridville,
          gammafunk_temple_overflow_forgotten, uniq_pikel, uniq_menkaure,
          uniq_sigmund
D:5:      layout_gridville, minmay_temple_entry_statues_pillars
D:6:      layout_loops_ring, serial_rivers, chequers_serial_rivers_room_b,
          chequers_serial_rivers_large_a, chequers_serial_rivers_small_b,
          chequers_serial_rivers_small_b, uniq_blork_the_orc
D:7:      layout_rooms, serial_shops, shop, uniq_prince_ribbit1
D:8:      layout_basic, special_room [special_room_kobold]
D:9:      minmay_the_grid_octo_2x2 [minmay_the_grid_octo_shrine,
          minmay_the_grid_octo_toaster, minmay_the_grid_octo_checkered,
          minmay_the_grid_octo_prize_single_spiral], layout_grid_maze,
          david_orc_2, uniq_grum
D:10:     layout_basic, okawaru_metal_pillars_1_2, minmay_circle_x
D:11:     layout_basic, lair_entry_dummy, gammafunk_ghost_cemetery,
          uniq_josephine, uniq_nergalle, uniq_urug
D:12:     layout_cave_pods, enter_bailey_2, nicolae_sif_muna_condensation,
          uniq_sonja
Temple:   bh_familiar_temple
Lair:1:   layout_gridlike, gauntlet_entry_generic, serial_bayou_lagoon_b,
          serial_bayou_shore_b, uniq_fannar
Gauntlet: minmay_gauntlet_77_indecision [minmay_gauntlet_arena_77_path,
          minmay_gauntlet_arena_77_broken_ladder,
          minmay_gauntlet_arena_77_two_lines, minmay_gauntlet_arena_77_museum,
          minmay_gauntlet_arena_77_tiled_triplets,
          minmay_gauntlet_arena_77_double_cross, gauntlet_exit_spiral]

Skill      XL: |  1  2  3  4  5  6  7  8  9 10 11 12 13 |
---------------+----------------------------------------+-----
Maces & Flails | 3 4 5 6 7 9 11 13 14 16 | 16.0
Shields        | 4 5 6 7 9 10 12 14 15 | 15.0
Dodging        | 4 |  4.1
Fighting       | 4 |  4.6
Armour         | 4 |  4.5

Action                   |  1- 3 |  4- 6 |  7- 9 | 10-12 | 13-15 || total
-------------------------+-------+-------+-------+-------+-------++-------
Melee: Flail             |   109 |   178 |   254 |       |       ||   541
       Morningstar       |       |       |   210 |   770 |   245 ||  1225
Throw: Boomerang         |       |     2 |       |       |       ||     2
Evoke: Wand              |       |       |       |     4 |       ||     4
  Use: Scroll            |       |     7 |     5 |    12 |     3 ||    27
       Potion            |       |       |     2 |     3 |     1 ||     6
 Stab: Paralysed         |       |       |       |     9 |       ||     9
       Sleeping          |       |       |       |     2 |       ||     2
Armor: Scale mail        |    17 |       |       |       |       ||    17
       Plate armour      |    69 |   124 |   247 |   416 |       ||   856
       Shadow dragon sca |       |       |       |    38 |    99 ||   137
       Troll leather arm |       |       |       |    13 |       ||    13
Dodge: Dodged            |    17 |    71 |   180 |   274 |   100 ||   642
Block: Kite shield       |    53 |   123 |   245 |   562 |   142 ||  1125

Table legend: (Time is in decaauts)
 A = Elapsed time spent in this place.
 B = Non-inter-level travel time spent in this place.
 C = Inter-level travel time spent in this place.
 D = Time resting spent in this place.
 E = Time spent auto-exploring this place.
 F = Levels seen in this place.
 G = Mean time per level.
                   A        B        C        D        E       F      G
               +--------+--------+--------+--------+--------+-----+--------+
         Total |  11488 |  10852 |    636 |    484 |   7164 |  16 |  718.0 |
       Dungeon |  10631 |  10083 |    548 |    417 |   6879 |  12 |  885.9 |
        Temple |    207 |    177 |     30 |      0 |    176 |   1 |  207.0 |
          Lair |    149 |     92 |     57 |      0 |      0 |   1 |  149.0 |
        Bailey |    188 |    188 |      0 |     48 |      0 |   1 |  188.0 |
      Gauntlet |    311 |    311 |      0 |     19 |    109 |   1 |  311.0 |
               +--------+--------+--------+--------+--------+-----+--------+

Top non-repeatable levels by time:
     D:9: 1226 daAuts
     D:3: 1080 daAuts
     D:1: 1059 daAuts
    D:12: 1035 daAuts
     D:8: 989 daAuts
     D:6: 949 daAuts
    D:11: 940 daAuts
    D:10: 909 daAuts
     D:2: 762 daAuts
     D:4: 760 daAuts
     D:7: 471 daAuts
     D:5: 445 daAuts
Gauntlet: 311 daAuts
  Temple: 207 daAuts
  Bailey: 188 daAuts
